 Dungeon Crawl Stone Soup version 0.24.0-1-gfbc8707122 (webtiles) character file.

Game seed: 22080426600376398, levelgen mode: deterministic

3841 EmberCloud the Blocker (level 9, -19/79 HPs)
             Began as a Minotaur Fighter on Oct 28, 2019.
             Was a Priest of Makhleb.
             Killed from afar by an orc sorcerer (28 damage)
             ... with a bolt of negative energy
             ... led by an orc knight
             ... on level 2 of the Orcish Mines.
             The game lasted 01:06:54 (8625 turns).

EmberCloud the Blocker (Minotaur Fighter)           Turns: 8625, Time: 01:06:56

Health: -19/79     AC: 16    Str: 23    XL:     9   Next: 98%
Magic:  8/8        EV:  8    Int:  5    God:    Makhleb [***...]
Gold:   623        SH: 11    Dex: 11    Spells: 8/8 levels left

rFire    + + .     SeeInvis .   z - +1 short sword (drain)
rCold    . . .     Gourm    .   W - +0 shield
rNeg     . . .     Faith    .   m - +2 chain mail {rF+}
rPois    +         Spirit   .   (helmet restricted)
rElec    .         Reflect  .   M - +2 cloak {rPois}
rCorr    .         Harm     +   (no gloves)
MR       .....     Rnd*Tele +   (no boots)
Stlth    ..........             T - amulet of harm
HPRegen  0.23/turn              t - ring of teleportation (curse)
MPRegen  0.11/turn              x - ring of protection from fire

@: drained
A: retaliatory headbutt, horns 2
a: Minor Destruction, Lesser Servant of Makhleb, Renounce Religion


You were on level 2 of the Orcish Mines.
You worshipped Makhleb.
Makhleb was most pleased with you.
You were not hungry.

You visited 2 branches of the dungeon, and saw 11 of its levels.
You also visited: Sewer.

You collected 623 gold pieces.

Inventory:

Hand Weapons
 a - a +0 rapier
 i - a +0 vampiric scimitar
 o - a +2 mace of protection
 z - a +1 short sword of draining (weapon)
 F - a +0 arbalest
 Y - a +2 short sword of protection
Missiles
 e - 23 poisoned darts (quivered)
 n - 29 arrows
 K - 10 javelins
 L - 2 boomerangs
 O - 7 atropa-tipped darts
 R - 44 bolts
Armour
 b - a +0 scale mail
 c - a +0 shield
 m - a +2 chain mail of fire resistance (worn)
 w - a scarf of spirit shield
 M - a +2 cloak of poison resistance (worn)
 U - a +0 naga barding
 W - a +0 shield (worn)
 X - a +0 plate armour
 Z - a +2 scale mail of cold resistance
Jewellery
 r - an uncursed ring of wizardry
 t - a cursed ring of teleportation (left hand)
 x - a ring of protection from fire (right hand)
 E - an uncursed ring of poison resistance
 T - an amulet of harm (around neck)
Wands
 A - a wand of scattershot (7)
 D - a wand of random effects (20)
 I - a wand of iceblast (8)
 P - a wand of paralysis (8)
Scrolls
 g - a scroll of teleportation
 h - 2 scrolls of enchant armour
 j - 2 scrolls of fear
 k - 2 scrolls of magic mapping
 s - 2 scrolls of blinking
 y - 2 scrolls of random uselessness
 C - 6 scrolls of remove curse
 G - a scroll of amnesia
 J - a scroll of enchant weapon {unknown}
 N - a scroll of noise {unknown}
Potions
 d - a potion of might
 l - 3 potions of lignification
 p - a potion of magic {unknown}
 q - 2 potions of heal wounds {unknown}
 u - 4 potions of ambrosia
 v - 2 potions of flight {unknown}
 B - 2 potions of curing
 H - a potion of berserk rage
 Q - 2 potions of degeneration {unknown}
 S - 3 potions of agility {unknown}
 V - a potion of brilliance {unknown}
Comestibles
 f - 13 rations


   Skills:
 + Level 7.5(6.8) Fighting
 + Level 8.3(7.7) Short Blades
 + Level 2.5(2.0) Maces & Flails
 + Level 0.1(0.0) Throwing
 + Level 9.0(8.3) Armour
 + Level 3.5(2.9) Dodging
 + Level 0.8(0.3) Stealth
 + Level 9.6(9.0) Shields


You had 8 spell levels left.
You didn't know any spells.
Your spell library contained the following spells:

 Spells                   Type           Power        Failure   Level  Hunger
 Apportation              Tloc           #.....       100%        1    ##.....
 Summon Butterflies       Summ           #.......     100%        1    ##.....
 Call Canine Familiar     Summ           #.......     100%        3    ####...
 Lesser Beckoning         Tloc           #.........   100%        3    ####...
 Tukima's Dance           Hex            #.......     100%        3    ####...
 Summon Ice Beast         Ice/Summ       #.......     100%        4    #####..
 Alistair's Intoxication  Tmut/Pois      #.......     100%        5    ######.
 Summon Mana Viper        Hex/Summ       #.......     100%        5    ######.
 Invisibility             Hex            #.......     100%        6    #######
 Summon Hydra             Summ           #.........   100%        7    #######


Dungeon Overview and Level Annotations

Branches:
Dungeon (9/15)             Temple (0/1) D:6             Orc (2/2) D:9
  Sewer (visited)
   Lair: D:8-11         Elf: Orc:2

Altars:
Dithmenos
Elyvilon
Hepliaklqana
Makhleb
Nemelex Xobeh
Okawaru
Ru
Trog
Wu Jian
Yredelemnul
Zin
The Shining One


Innate Abilities, Weirdness & Mutations

You reflexively headbutt those who attack you in melee.
You have a pair of horns on your head.


Message History

You can move again.
You are no longer corroded.
The orc no longer looks unusually strong.
You block the orc's attack. You block the red devil's attack.
The orc sorcerer hits you with a +0 dagger.
* * * LOW HITPOINT WARNING * * *
The orc no longer looks unusually strong.
The orc complains noisily, in orcish tradition.
The red devil hits you but does no damage.
The orc no longer looks unusually strong.
The orc knight roars a battlecry!
The orcs go into a battle-frenzy!
You block the orc sorcerer's attack.
The red devil disappears in a puff of smoke!
The orc sorcerer gestures at you while chanting.
The bolt of negative energy hits the orc!
The orc is drained!
The orc dies!
The bolt of negative energy hits you!!
You feel drained.
You die...

### ##.## .. ##...# ...
##....# ...# ##.....#
....# ####......##
.....##.##.......####
...$....##.oo.)@.<..#
........#...oo.#....#
#..............#.......#
.#.....).....#####......#
..###.......## ......#
#........# ...#.##
#.........# ..####
...$.........# ...
........#......


You could see an orc knight, an orc sorcerer and 2 orcs.

Vanquished Creatures
  A hippogriff (D:7)
  Grinder (Sewer)
  Duvessa (D:7)
  6 orc warriors
  2 phantoms (D:7)
  A black bear (D:7)
  An ice beast (D:7)
  4 ogres
  An eye of draining (D:8)
  2 sky beasts
  2 big kobolds
  2 bullfrogs
  Blork the orc (D:4)
  Dowan (D:7)
  2 scorpions
  4 wights (D:6)
  A jelly (D:8)
  A howler monkey (D:6)
  3 crimson imps
  A centaur skeleton (D:4)
  2 hounds
  3 orc priests (Orc:1)
  Crazy Yiuf (D:7)
  2 bullfrog skeletons
  8 orc wizards
  2 iguanas (D:6)
  4 worker ants
  Ijyb (D:5)
  A big kobold zombie (Sewer)
  2 hound zombies (D:7)
  3 howler monkey zombies
  2 adders
  A gnoll (D:1)
  A river rat (D:3)
  4 shadow imps
  A white imp (D:4)
  3 ufetubi (Sewer)
  2 oozes
  5 worms
  7 leopard geckos
  23 orcs
  2 ball pythons
  10 bats
  6 giant cockroaches
  7 goblins
  4 hobgoblins
  8 jackals (D:2)
  35 kobolds
  6 quokkas
  7 frilled lizards
  A jackal skeleton (D:5)
  A leopard gecko skeleton (D:4)
  12 rats
215 creatures vanquished.

Vanquished Creatures (others)
  2 orcs (Orc:2)
  2 kobold zombies (Sewer)
4 creatures vanquished.

Grand Total: 219 creatures vanquished

Notes
Turn   | Place    | Note
-------+----------+-------------------------------------------
     0 | D:1      | EmberCloud the Minotaur Fighter began the quest for the
                  | Orb.
     0 | D:1      | Reached XP level 1. HP: 19/19 MP: 0/0
    65 | D:1      | Reached XP level 2. HP: 8/27 MP: 1/1
   650 | D:1      | Reached XP level 3. HP: 30/34 MP: 2/2
  1257 | D:2      | Reached skill level 1 in Dodging
  1257 | D:2      | Reached XP level 4. HP: 38/41 MP: 3/3
  1541 | D:2      | Found a hazy altar of Hepliaklqana.
  1626 | D:2      | Found a sparkling altar of Nemelex Xobeh.
  1837 | D:3      | Reached skill level 1 in Maces & Flails
  1931 | D:3      | Found a sacrificial altar of Ru.
  1931 | D:3      | Found a glowing golden altar of the Shining One.
  1933 | D:3      | Found a white marble altar of Elyvilon.
  2005 | D:3      | Found a basalt altar of Yredelemnul.
  2007 | D:3      | Found a bloodstained altar of Trog.
  2040 | D:3      | Found a glowing drain.
  2079 | Sewer    | Entered a sewer
  2130 | Sewer    | Reached XP level 5. HP: 34/47 MP: 4/4
  2479 | Sewer    | Found a burning altar of Makhleb.
  2507 | Sewer    | Reached skill level 5 in Armour
  2539 | Sewer    | Became a worshipper of Makhleb the Destroyer
  2543 | Sewer    | Noticed Grinder
  2554 | Sewer    | Paralysed by Grinder for 7 turns
  2567 | Sewer    | Paralysed by Grinder for 5 turns
  2582 | Sewer    | Killed Grinder
  2582 | Sewer    | Reached skill level 5 in Shields
  2582 | Sewer    | Reached XP level 6. HP: 13/55 MP: 1/5
  2851 | D:3      | Reached skill level 5 in Fighting
  2851 | D:3      | Reached XP level 7. HP: 61/61 MP: 6/6
  3077 | D:3      | Reached * piety under Makhleb
  3423 | D:4      | Noticed Blork the orc
  3431 | D:4      | Killed Blork the orc
  3818 | D:4      | Reached skill level 5 in Short Blades
  4073 | D:5      | Entered Level 5 of the Dungeon
  4374 | D:5      | Noticed Ijyb
  4374 | D:5      | Paralysed by Ijyb for 5 turns
  4407 | D:5      | Killed Ijyb
  4466 | D:5      | You fall into a shaft and drop 1 floor!
  4746 | D:5      | Reached XP level 8. HP: 69/69 MP: 7/7
  4871 | D:5      | Found an ornate altar of the Wu Jian Council.
  5138 | D:6      | Found an iron altar of Okawaru.
  5443 | D:6      | Found a staircase to the Ecumenical Temple.
  5841 | D:6      | Found a glowing silver altar of Zin.
  6295 | D:6      | Found a burning altar of Makhleb.
  6398 | D:7      | Reached ** piety under Makhleb
  6435 | D:7      | Reached XP level 9. HP: 35/78 MP: 8/8
  6558 | D:7      | Noticed Duvessa
  6563 | D:7      | Noticed Dowan
  6586 | D:7      | Killed Duvessa
  6596 | D:7      | Killed Dowan
  6659 | D:7      | Found a runed translucent door.
  6662 | D:7      | Noticed Crazy Yiuf
  6784 | D:7      | Found a shadowy altar of Dithmenos.
  7027 | D:7      | Killed Crazy Yiuf
  7315 | D:8      | Found a sacrificial altar of Ru.
  7983 | D:9      | Found a staircase to the Orcish Mines.
  8030 | Orc:1    | Entered Level 1 of the Orcish Mines
  8150 | Orc:1    | Reached *** piety under Makhleb
  8572 | Orc:2    | Entered Level 2 of the Orcish Mines
  8589 | Orc:2    | Noticed an orc knight
  8590 | Orc:2    | Noticed an orc sorcerer
  8593 | Orc:2    | Noticed a rust devil
  8615 | Orc:2    | Noticed a red devil
  8618 | Orc:2    | Paralysed by an orc sorcerer for 3 turns
  8625 | Orc:2    | Killed from afar by an orc sorcerer

Levels and vault maps discovered:
D:1:      saegor_arrival_under_anarchy, layout_basic, minmay_liquid_box
D:2:      layout_rooms, old_standard_altar, first_ration, st_stairs_14,
          nemelex_spade_bored_becter
D:3:      layout_basic, nicolae_overflow_hidden_temple,
          cheibrodos_sewer_entry_sluice
D:4:      layout_rooms, minmay_fire_ice_demons, uniq_blork_the_orc
D:5:      layout_loops_cross, kennysheep_little_box, uniq_ijyb
D:6:      layout_basic, old_standard_altar, zin_scriptorium,
          nicolae_overflow_crystal_walls, minmay_temple_entry_junction
D:7:      layout_cave_pools, grunt_dithmenos_shadows, uniq_crazy_yiuf_cottage,
          uniq_duvessa
D:8:      layout_gridville, nicolae_ru_sacrificial_ziggurat
D:9:      layout_basic, david_orc_3, grunt_pizzeria, bloody_trog, uniq_erolcha
Orc:1:    layout_caves, library_closet
Orc:2:    st_orc_open, layout_diamond_mine, basic_altar

Skill      XL: |  1  2  3  4  5  6  7  8  9 |
---------------+----------------------------+-----
Armour         | 4 5 6 7 9 |  9.0
Fighting       | 4 5 6 7 |  7.5
Dodging        | 1 2 3 |  3.5
Shields        | 4 5 6 7 9 |  9.6
Maces & Flails | 1 2 |  2.5
Short Blades   | 3 5 6 8 |  8.3
Throwing       | |  0.1
Stealth        | |  0.8

Action                   |  1- 3 |  4- 6 |  7- 9 || total
-------------------------+-------+-------+-------++-------
Melee: Rapier            |   101 |     2 |       ||   103
       Headbutt          |    11 |    29 |    99 ||   139
       Mace              |       |    83 |       ||    83
       Short sword       |       |   100 |   453 ||   553
Throw: Dart              |       |     2 |       ||     2
Evoke: Wand              |       |       |     1 ||     1
  Use: Scroll            |       |     2 |    10 ||    12
       Potion            |       |       |     6 ||     6
  Eat: Chunk             |     1 |     3 |       ||     4
       Ration            |       |     1 |     6 ||     7
Armor: Scale mail        |    49 |   102 |    88 ||   239
       Chain mail        |       |       |    54 ||    54
       Plate armour      |       |       |    41 ||    41
Dodge: Dodged            |    33 |    75 |   104 ||   212
Block: Shield            |    68 |   134 |   244 ||   446
